General information
- name: BNet
- type: Ladder team game (AT/RT)
- host: Battle.net
- saver: makeusorelooser
map: Deadlands
- players: 8
- length: 72:30
- speed: Fast
- version: 1.27 W3XP
- replay type: Public
» download(320 KB)
Players
team 1 (winner)
Emma_Watson (
pink | 53 APM | 1065 actions | 20:11)
3 Archmage
1 Summon Water Elemental
2 Blizzard
» actions
| Assign group hotkey | 4 | |
| Basic commands | 95 | |
| Build / train | 72 | |
| ESC pressed | 4 | |
| Enter build submenu | 26 | |
| Enter hero's abilities submenu | 3 | |
| Right click | 557 | |
| Select / deselect | 258 | |
| Select group hotkey | 1 | |
| Use ability | 44 | |
1065 total
» units
| Peasant | 30 | |
| Mortar Team | 7 | |
| Siege Engine | 12 | |
| Flying Machine | 2 | |
51 total
» upgrades
| Masonry | 2 | |
| Gunpowder | 2 | |
| Lumber Harvesting | 1 | |
| Plating | 1 | |
| Fragmentation Shards | 1 | |
7 total
» buildings
| Altar of Kings | 1 | |
| Farm | 14 | |
| Lumber Mill | 1 | |
| Scout Tower | 7 | |
| Arcane Tower | 1 | |
| Guard Tower | 5 | |
| Town Hall | 1 | |
| Keep | 1 | |
| Blacksmith | 1 | |
| Arcane Vault | 1 | |
| Castle | 1 | |
| Workshop | 5 | |
39 total
» build order
00:13 Altar of Kings
00:18 Farm
00:27 Farm
00:59 Lumber Mill
01:28 Scout Tower
01:56 Arcane Tower
03:34 Scout Tower
03:56 Guard Tower
04:06 Scout Tower
04:20 Guard Tower
04:22 Scout Tower
04:35 Guard Tower
04:41 Town Hall
05:27 Keep
05:35 Scout Tower
06:07 Guard Tower
06:38 Blacksmith
07:21 Arcane Vault
07:28 Scout Tower
07:32 Scout Tower
08:01 Castle
08:05 Workshop
08:29 Guard Tower
08:45 Workshop
08:56 Workshop
09:13 Workshop
09:34 Farm
09:36 Farm
09:38 Farm
09:39 Farm
09:46 Farm
09:47 Farm
09:48 Farm
09:51 Farm
09:54 Farm
10:05 Farm
10:07 Farm
10:08 Farm
10:52 Workshop
» items
| Scroll of Town Portal | 1 | |
| Potion of Healing | 1 | |
2 total

»
Jolene (
teal | 44 APM | 775 actions | 17:26)
4 Tauren Chieftain
2 War Stomp
2 Endurance Aura
» actions
| Assign group hotkey | 29 | |
| Basic commands | 71 | |
| Build / train | 58 | |
| Enter build submenu | 17 | |
| Enter hero's abilities submenu | 4 | |
| Give item / drop item | 3 | |
| Remove unit from queue | 1 | |
| Right click | 214 | |
| Select / deselect | 158 | |
| Select group hotkey | 151 | |
| Use ability | 69 | |
775 total
» units
| Peon | 8 | |
| Grunt | 6 | |
| Kodo Beast | 2 | |
| Goblin Shredder | 3 | |
| Tauren | 5 | |
| Shaman | 6 | |
30 total
» upgrades
| Shaman Training | 2 | |
| War Drums Damage Increase | 1 | |
| Melee Weapons | 2 | |
| Armor | 2 | |
| Pulverize | 1 | |
8 total
» buildings
| Orc Burrow | 7 | |
| Altar of Storms | 1 | |
| Barracks | 1 | |
| Voodoo Lounge | 1 | |
| Stronghold | 1 | |
| War Mill | 1 | |
| Fortress | 4 | |
| Spirit Lodge | 1 | |
| Beastiary | 1 | |
| Tauren Totem | 3 | |
21 total
» build order
00:17 Orc Burrow
00:24 Altar of Storms
00:42 Barracks
01:26 Orc Burrow
01:55 Voodoo Lounge
02:56 Stronghold
03:30 Orc Burrow
04:33 War Mill
05:26 Fortress
05:26 Fortress
05:27 Fortress
05:27 Fortress
05:31 Spirit Lodge
05:39 Beastiary
07:51 Tauren Totem
07:52 Tauren Totem
07:54 Tauren Totem
09:12 Orc Burrow
09:18 Orc Burrow
09:25 Orc Burrow
09:27 Orc Burrow
» items
| Healing Salve | 2 | |
| Orb of Lightning | 1 | |
| Rod of Necromancy | 1 | |
| Tiny Great Hall | 1 | |
5 total
TwoMoons (
green | 20 APM | 400 actions | 19:32)
4 Far Seer
2 Feral Spirit
2 Chain Lighting
2 Dark Ranger
1 Black Arrow
1 Life Drain
» actions
| Basic commands | 82 | |
| Build / train | 62 | |
| Enter build submenu | 29 | |
| Enter hero's abilities submenu | 6 | |
| Right click | 3 | |
| Select / deselect | 165 | |
| Use ability | 53 | |
400 total
» units
| Peon | 19 | |
| Grunt | 7 | |
| Raider | 11 | |
| Wind Rider | 2 | |
39 total
» upgrades
| Spiked Barricades | 2 | |
| Ensnare | 1 | |
| Melee Weapons | 2 | |
| Armor | 2 | |
| Pillage | 1 | |
8 total
» buildings
| Altar of Storms | 1 | |
| Orc Burrow | 5 | |
| War Mill | 1 | |
| Barracks | 1 | |
| Watch Tower | 12 | |
| Voodoo Lounge | 1 | |
| Stronghold | 1 | |
| Beastiary | 2 | |
| Great Hall | 1 | |
25 total
» build order
00:04 Altar of Storms
00:09 Orc Burrow
00:52 War Mill
01:38 Barracks
02:52 Watch Tower
02:59 Orc Burrow
03:42 Watch Tower
03:49 Watch Tower
04:00 Watch Tower
04:15 Voodoo Lounge
04:48 Watch Tower
05:10 Stronghold
05:39 Watch Tower
06:21 Watch Tower
06:26 Watch Tower
06:56 Orc Burrow
07:22 Watch Tower
07:34 Orc Burrow
08:00 Beastiary
08:33 Watch Tower
09:07 Beastiary
09:11 Orc Burrow
12:26 Watch Tower
12:31 Watch Tower
15:37 Great Hall
» items
| Scroll of Town Portal | 2 | |
| Potion of Healing | 2 | |
| Healing Salve | 2 | |
6 total
makeusorelooser (
orange | 57 APM | 4140 actions | 72:30)
5 Death Knight
3 Death Coil
2 Unholy Aura
4 Archmage
2 Brilliance Aura
1 Summon Water Elemental
1 Mass Teleport
» actions
| Assign group hotkey | 24 | |
| Basic commands | 38 | |
| Build / train | 126 | |
| ESC pressed | 33 | |
| Enter build submenu | 82 | |
| Enter hero's abilities submenu | 9 | |
| Give item / drop item | 16 | |
| Right click | 2396 | |
| Select / deselect | 686 | |
| Select group hotkey | 381 | |
| Use ability | 349 | |
4140 total
» units
| Acolyte | 7 | |
| Ghoul | 2 | |
| Crypt Fiend | 8 | |
| Abomination | 1 | |
| Meatwagon | 1 | |
| Goblin Zeppelin | 6 | |
| Peasant | 9 | |
| Peon | 2 | |
| Flying Machine | 1 | |
37 total
» upgrades
| Creature Attack | 2 | |
| Creature Carapace | 1 | |
| Web | 1 | |
| Burrow | 1 | |
| Masonry | 1 | |
6 total
» buildings
| Graveyard | 1 | |
| Crypt | 1 | |
| Altar of Darkness | 1 | |
| Ziggurat | 11 | |
| Tomb of Relics | 1 | |
| Halls of the Dead | 1 | |
| Necropolis | 2 | |
| Nerubian Tower | 8 | |
| Spirit Tower | 10 | |
| Black Citadel | 1 | |
| Sacrificial Pit | 1 | |
| Slaughterhouse | 2 | |
| Scout Tower | 19 | |
| Guard Tower | 26 | |
| Great Hall | 1 | |
| Town Hall | 2 | |
| Watch Tower | 1 | |
| Lumber Mill | 1 | |
| Altar of Kings | 1 | |
| Voodoo Lounge | 1 | |
| Arcane Vault | 1 | |
| Keep | 5 | |
| Blacksmith | 1 | |
| Workshop | 1 | |
100 total
» build order
00:08 Graveyard
00:11 Crypt
00:43 Altar of Darkness
00:58 Ziggurat
01:59 Tomb of Relics
02:28 Ziggurat
02:42 Ziggurat
04:24 Halls of the Dead
05:14 Necropolis
06:15 Nerubian Tower
06:15 Nerubian Tower
06:17 Spirit Tower
08:07 Ziggurat
08:25 Ziggurat
09:22 Black Citadel
10:01 Sacrificial Pit
12:23 Slaughterhouse
12:26 Ziggurat
13:11 Slaughterhouse
13:22 Nerubian Tower
13:22 Nerubian Tower
13:23 Nerubian Tower
14:30 Ziggurat
14:33 Ziggurat
14:42 Ziggurat
15:24 Spirit Tower
15:24 Spirit Tower
15:24 Nerubian Tower
15:35 Spirit Tower
15:36 Spirit Tower
15:36 Spirit Tower
16:13 Ziggurat
16:27 Ziggurat
17:37 Necropolis
17:47 Spirit Tower
17:47 Spirit Tower
20:55 Scout Tower
20:55 Scout Tower
20:56 Scout Tower
21:01 Scout Tower
21:01 Scout Tower
21:02 Scout Tower
21:02 Scout Tower
21:04 Scout Tower
21:05 Scout Tower
21:27 Guard Tower
21:28 Guard Tower
21:28 Guard Tower
21:28 Guard Tower
21:40 Guard Tower
21:40 Guard Tower
21:40 Guard Tower
21:40 Guard Tower
21:54 Scout Tower
21:54 Scout Tower
21:56 Scout Tower
23:17 Great Hall
23:39 Town Hall
25:24 Watch Tower
25:34 Scout Tower
25:37 Scout Tower
25:39 Scout Tower
26:07 Guard Tower
26:07 Guard Tower
26:08 Guard Tower
26:13 Guard Tower
26:14 Scout Tower
26:17 Scout Tower
27:54 Town Hall
30:59 Scout Tower
31:44 Lumber Mill
33:06 Guard Tower
33:06 Guard Tower
33:06 Guard Tower
33:07 Guard Tower
33:49 Scout Tower
34:18 Guard Tower
34:18 Guard Tower
42:42 Altar of Kings
49:14 Voodoo Lounge
52:13 Arcane Vault
61:01 Keep
61:02 Keep
61:02 Keep
61:02 Keep
63:45 Blacksmith
69:01 Workshop
» items
| Rod of Necromancy | 2 | |
| Sacrificial Skull | 4 | |
| Potion of Healing | 5 | |
| Scroll of Town Portal | 4 | |
15 total
team 2 (loser)
L3lademaster679 (
yellow | 34 APM | 2321 actions | 69:12)
5 Blademaster
2 Wind Walk
3 Critical Strike
4 Shadow Hunter
2 Hex
2 Healing Wave
» actions
| Assign group hotkey | 20 | |
| Basic commands | 39 | |
| Build / train | 135 | |
| Enter build submenu | 56 | |
| Enter hero's abilities submenu | 9 | |
| Give item / drop item | 5 | |
| Remove unit from queue | 3 | |
| Right click | 1235 | |
| Select / deselect | 468 | |
| Select group hotkey | 97 | |
| Use ability | 245 | |
2321 total
» units
| Peon | 49 | |
| Raider | 11 | |
| Wind Rider | 1 | |
| Tauren | 8 | |
| Shaman | 3 | |
| Goblin Zeppelin | 1 | |
73 total
» upgrades
| Spiked Barricades | 1 | |
| Armor | 3 | |
| Melee Weapons | 3 | |
| Ranged Weapons | 1 | |
| Ensnare | 1 | |
| Envenomed Spears | 1 | |
| Shaman Training | 2 | |
| Pulverize | 1 | |
13 total
» buildings
| Altar of Storms | 2 | |
| Orc Burrow | 5 | |
| War Mill | 1 | |
| Voodoo Lounge | 1 | |
| Stronghold | 2 | |
| Beastiary | 2 | |
| Fortress | 2 | |
| Tauren Totem | 2 | |
| Spirit Lodge | 1 | |
| Great Hall | 3 | |
| Watch Tower | 30 | |
| Altar of Elders | 1 | |
52 total
» build order
00:26 Altar of Storms
00:42 Orc Burrow
01:08 War Mill
01:32 Voodoo Lounge
01:42 Orc Burrow
03:04 Stronghold
03:04 Stronghold
05:48 Beastiary
05:50 Beastiary
06:04 Orc Burrow
06:10 Orc Burrow
09:58 Fortress
13:09 Tauren Totem
13:12 Tauren Totem
13:22 Spirit Lodge
16:36 Orc Burrow
28:11 Great Hall
28:34 Great Hall
29:23 Watch Tower
29:24 Watch Tower
29:26 Watch Tower
29:27 Watch Tower
30:31 Watch Tower
30:34 Watch Tower
30:36 Watch Tower
30:43 Great Hall
34:05 Watch Tower
34:40 Watch Tower
34:46 Watch Tower
34:51 Watch Tower
34:55 Watch Tower
34:59 Watch Tower
35:01 Watch Tower
35:02 Watch Tower
35:04 Watch Tower
35:35 Watch Tower
35:43 Watch Tower
35:45 Watch Tower
35:52 Watch Tower
35:54 Watch Tower
35:58 Watch Tower
36:58 Watch Tower
36:59 Watch Tower
38:41 Watch Tower
46:08 Watch Tower
46:09 Watch Tower
46:11 Watch Tower
46:12 Watch Tower
46:15 Watch Tower
48:16 Altar of Storms
57:37 Altar of Elders
» items
| Healing Salve | 2 | |
| Lesser Clarity Potion | 4 | |
| Scroll of Speed | 2 | |
| Scroll of Town Portal | 8 | |
| Tiny Great Hall | 2 | |
| Orb of Lightning | 2 | |
| Potion of Mana | 2 | |
| Potion of Healing | 2 | |
| Boots of Speed | 1 | |
| Potion of Lesser Invulnerability | 5 | |
30 total

»
BrianPeepers (
blue | 40 APM | 2895 actions | 72:28)
7 Demon Hunter
3 Mana Burn
3 Evasion
1 Metamorphosis
1 Goblin Tinker
1 Pocket Factory
» actions
| Assign group hotkey | 44 | |
| Basic commands | 240 | |
| Build / train | 102 | |
| ESC pressed | 6 | |
| Enter build submenu | 24 | |
| Enter hero's abilities submenu | 8 | |
| Give item / drop item | 10 | |
| Remove unit from queue | 7 | |
| Right click | 1058 | |
| Select / deselect | 791 | |
| Select group hotkey | 479 | |
| Use ability | 122 | |
2895 total
» units
| Wisp | 24 | |
| Archer | 5 | |
| Huntress | 10 | |
| Druid of the Talon | 13 | |
| Faerie Dragon | 6 | |
| Glaive Thrower | 1 | |
| Goblin Zeppelin | 3 | |
62 total
» upgrades
| Sentinel | 1 | |
| Druid of the Talon Training | 2 | |
| Strength of the Wild | 3 | |
| Reinforced Hides | 2 | |
| Mark of the Talon | 1 | |
| Upgrade Moon Glaive | 1 | |
| Vorpal Blades | 1 | |
11 total
» buildings
| Moon Well | 6 | |
| Altar of Elders | 2 | |
| Ancient of War | 1 | |
| Ancient of Wonders | 2 | |
| Hunter's Hall | 1 | |
| Tree of Ages | 2 | |
| Tree of Life | 4 | |
| Ancient of Wind | 2 | |
| Tree of Eternity | 1 | |
21 total
» build order
00:13 Moon Well
00:18 Altar of Elders
00:33 Ancient of War
01:18 Moon Well
02:14 Moon Well
02:42 Ancient of Wonders
03:07 Hunter's Hall
03:23 Ancient of Wonders
03:33 Moon Well
04:23 Tree of Ages
04:23 Tree of Ages
05:02 Tree of Life
05:14 Tree of Life
05:22 Moon Well
07:00 Ancient of Wind
07:35 Ancient of Wind
09:14 Moon Well
09:46 Tree of Eternity
18:00 Tree of Life
22:58 Tree of Life
40:06 Altar of Elders
» items
| Scroll of Town Portal | 4 | |
| Orb of Venom | 2 | |
| Potion of Healing | 1 | |
| Staff of Teleportation | 1 | |
8 total
forever_young (
red | 42 APM | 3011 actions | 72:28)
6 Blademaster
3 Wind Walk
3 Critical Strike
» actions
| Assign group hotkey | 56 | |
| Basic commands | 658 | |
| Build / train | 84 | |
| Enter build submenu | 59 | |
| Enter hero's abilities submenu | 6 | |
| Give item / drop item | 17 | |
| Remove unit from queue | 3 | |
| Right click | 886 | |
| Select / deselect | 486 | |
| Select group hotkey | 556 | |
| Use ability | 200 | |
3011 total
» units
| Peon | 9 | |
| Grunt | 4 | |
| Goblin Shredder | 4 | |
| Goblin Sapper | 19 | |
| Goblin Zeppelin | 2 | |
| Wind Rider | 11 | |
49 total
» upgrades
| Reinforced Defenses | 1 | |
| Ranged Weapons | 3 | |
| Armor | 4 | |
| Envenomed Spears | 1 | |
9 total
» buildings
| Orc Burrow | 11 | |
| Altar of Storms | 1 | |
| Barracks | 1 | |
| Voodoo Lounge | 1 | |
| War Mill | 2 | |
| Great Hall | 3 | |
| Stronghold | 2 | |
| Watch Tower | 44 | |
| Fortress | 1 | |
| Beastiary | 5 | |
71 total
» build order
00:09 Orc Burrow
00:52 Altar of Storms
00:54 Barracks
01:05 Orc Burrow
01:50 Voodoo Lounge
02:50 War Mill
04:40 Great Hall
04:43 Stronghold
05:03 Watch Tower
05:04 Watch Tower
05:04 Watch Tower
05:06 Watch Tower
06:10 Orc Burrow
06:56 Orc Burrow
08:06 Fortress
08:11 Watch Tower
08:40 War Mill
09:25 Orc Burrow
09:31 Watch Tower
09:34 Watch Tower
10:29 Watch Tower
10:30 Watch Tower
10:31 Watch Tower
10:32 Watch Tower
10:33 Watch Tower
10:38 Watch Tower
11:29 Watch Tower
13:02 Beastiary
13:02 Beastiary
13:04 Beastiary
13:06 Beastiary
13:07 Beastiary
14:30 Watch Tower
14:32 Watch Tower
14:35 Watch Tower
14:36 Watch Tower
14:39 Watch Tower
14:41 Watch Tower
14:43 Watch Tower
15:34 Watch Tower
15:34 Watch Tower
16:00 Orc Burrow
17:51 Watch Tower
17:52 Watch Tower
17:53 Watch Tower
17:53 Watch Tower
18:02 Watch Tower
18:03 Watch Tower
18:04 Watch Tower
18:04 Watch Tower
18:07 Watch Tower
18:07 Watch Tower
18:14 Watch Tower
18:14 Watch Tower
18:14 Watch Tower
18:15 Watch Tower
18:17 Watch Tower
18:17 Watch Tower
18:17 Watch Tower
18:18 Watch Tower
18:25 Watch Tower
20:36 Great Hall
21:01 Orc Burrow
21:04 Orc Burrow
21:12 Orc Burrow
45:09 Stronghold
55:37 Orc Burrow
55:40 Orc Burrow
55:49 Great Hall
» items
| Healing Salve | 2 | |
| Scroll of Town Portal | 5 | |
| Orb of Lightning | 1 | |
| Staff of Teleportation | 2 | |
| Periapt of Vitality | 1 | |
| Boots of Speed | 1 | |
| Circlet of Nobility | 1 | |
13 total
Russia4Trump (
purple | 26 APM | 1281 actions | 49:26)
5 Dark Ranger
1 Black Arrow
2 Silence
2 Life Drain
4 Firelord
2 Summon Lava Spawn
2 Soul Burn
» actions
| Assign group hotkey | 3 | |
| Basic commands | 115 | |
| Build / train | 83 | |
| Enter build submenu | 36 | |
| Enter hero's abilities submenu | 9 | |
| Remove unit from queue | 1 | |
| Right click | 532 | |
| Select / deselect | 437 | |
| Select group hotkey | 3 | |
| Use ability | 60 | |
1281 total
» units
| Wisp | 23 | |
| Huntress | 7 | |
| Hippogryph | 9 | |
| Druid of the Talon | 1 | |
| Faerie Dragon | 1 | |
| Chimaera | 6 | |
| Glaive Thrower | 3 | |
50 total
» upgrades
| Moon Armor | 1 | |
| Sentinel | 1 | |
| Strength of the Moon | 1 | |
| Strength of the Wild | 3 | |
| Druid of the Talon Training | 2 | |
| Reinforced Hides | 3 | |
| Corrosive Breath | 1 | |
| Nature's Blessing | 1 | |
| Vorpal Blades | 1 | |
| Mark of the Talon | 1 | |
15 total
» buildings
| Moon Well | 8 | |
| Altar of Elders | 1 | |
| Hunter's Hall | 1 | |
| Ancient of War | 1 | |
| Tree of Ages | 1 | |
| Ancient of Wonders | 1 | |
| Tree of Eternity | 1 | |
| Ancient of Wind | 5 | |
| Chimaera Roost | 4 | |
| Tree of Life | 5 | |
| Ancient Protector | 3 | |
31 total
» build order
01:04 Moon Well
01:13 Altar of Elders
01:41 Hunter's Hall
01:56 Ancient of War
02:09 Moon Well
03:48 Tree of Ages
04:13 Moon Well
05:01 Ancient of Wonders
05:22 Moon Well
06:49 Tree of Eternity
06:54 Moon Well
08:55 Ancient of Wind
08:58 Ancient of Wind
09:05 Moon Well
10:02 Moon Well
12:44 Chimaera Roost
12:48 Chimaera Roost
17:53 Tree of Life
17:58 Ancient Protector
18:47 Ancient Protector
19:49 Ancient Protector
21:14 Moon Well
23:27 Tree of Life
33:11 Ancient of Wind
33:17 Ancient of Wind
33:25 Ancient of Wind
35:30 Tree of Life
35:39 Chimaera Roost
35:51 Tree of Life
36:55 Chimaera Roost
40:32 Tree of Life
» items
| Potion of Healing | 2 | |
| Staff of Teleportation | 1 | |
| Boots of Speed | 1 | |
4 total
Chat log
(00:29 / All) forever_young: JOLENE
(00:32 / All) forever_young: JOLENE JOLENE
(00:38 / All) forever_young: IM BEGGING OF YOU PLEASE DONT TAKE MY MAN
(04:28 / Allies) Emma_Watson: BM
(04:30 / Allies) Emma_Watson: HELP
(05:08 / Allies) makeusorelooser: why are you setting up to take my rtees
(05:09 / Allies) Emma_Watson: BM
(05:39 / All) makeusorelooser: nice mh
(05:58 / All) makeusorelooser: go right for my expo, don't scout the others
(06:24 / Allies) Emma_Watson: GET DUST
(06:36 / All) Russia4Trump: how do u know i didnt scout u mh fuck?
(06:56 / All) makeusorelooser: lol
(07:00 / Allies) Jolene: GJ
(07:03 / All) L3lademaster679: spend a tp
(07:06 / All) makeusorelooser: So what
(07:09 / All) makeusorelooser: You're a retard
(07:11 / All) L3lademaster679: you lost
(07:13 / All) makeusorelooser: Nah
(07:14 / All) L3lademaster679: noob
(07:19 / All) makeusorelooser: I win every time, you're total shit
(07:19 / All) L3lademaster679: going frost?
(07:21 / All) makeusorelooser: fucking cretin
(07:26 / All) makeusorelooser: why would I tell you, retard
(07:28 / All) L3lademaster679: wheres your expo?
(07:34 / All) L3lademaster679: noob
(07:41 / All) makeusorelooser: Halfway done
(07:42 / All) makeusorelooser: noob
(07:47 / All) makeusorelooser: where's yours
(07:50 / All) makeusorelooser: oh wait, you don't have one
(08:14 / All) L3lademaster679: defend it pj
(08:15 / All) L3lademaster679: oj
(08:23 / Allies) Emma_Watson: HARAS
(08:23 / All) L3lademaster679: stay close
(08:32 / All) makeusorelooser: aight
(08:34 / All) makeusorelooser: will do
(08:41 / All) makeusorelooser: You're utter garbage
(09:33 / Allies) makeusorelooser: you guys aren't doing shit
(10:44 / All) makeusorelooser: good wyvern control
(11:24 / All) L3lademaster679: bye
(11:33 / All) L3lademaster679: lol
(11:37 / All) makeusorelooser: only took you like four tries LOL
(11:38 / All) L3lademaster679: STFU NOW
(11:39 / All) makeusorelooser: and your whole team
(11:44 / All) makeusorelooser: Nah I will destroy you any day
(11:54 / All) makeusorelooser: It takes you with your whole team to get one hero from me
(12:09 / Allies) makeusorelooser: stop cutting my trees teal
(13:22 / Allies) Emma_Watson: WTF
(14:10 / Allies) Emma_Watson: WOW
(14:11 / Allies) makeusorelooser: That's mine teal
(14:13 / Allies) makeusorelooser: I was there first
(14:15 / Allies) Emma_Watson: I WILL JUST BS THIS TEAM
(14:16 / Allies) makeusorelooser: and been trying to take that all game
(14:27 / Allies) Jolene: WHY STAND STILL
(15:37 / Allies) makeusorelooser: WTF pink
(15:42 / Allies) Jolene: AWOW PINK YOU SUCK
(15:43 / Allies) makeusorelooser: that's mine you fucking retard
(15:45 / All) Emma_Watson: fuk u
(15:49 / All) forever_young: lawl
(15:50 / All) forever_young: shit
(15:54 / Allies) makeusorelooser: WTF is that for idiot
(16:04 / All) Jolene: LUCK PINK TKED
(16:09 / Allies) Emma_Watson: GJ IGNORINGME
(16:19 / Allies) makeusorelooser: I didn't have my hero to help you fucking idiot
(16:56 / All) Emma_Watson: thats what u get if u ignore ur team mate
(17:00 / Allies) Jolene: REALLY LUCKY
(17:08 / All) makeusorelooser: I had nothing to fucking help you
(17:12 / All) makeusorelooser: because I was being hit all game
(17:15 / All) makeusorelooser: and my team was ignoring ME, retard
(17:21 / All) Jolene: i WAAS DEFEND ORANGE YOU FUCK DOUCHE BAG
(17:33 / All) Russia4Trump: cause your a mher
(17:36 / All) L3lademaster679: boom
(17:38 / All) Emma_Watson: too late
(17:40 / All) makeusorelooser: wow and my tp didn't go off lol
(17:45 / All) L3lademaster679: YES
(17:46 / All) L3lademaster679: HACK
(17:48 / All) L3lademaster679: I HACK
(19:31 / All) forever_young: pink you're a bitch lol
(19:37 / All) forever_young: you can't beat me so you fight your team instead
(19:43 / All) makeusorelooser: Pink is a retard
(19:46 / All) Emma_Watson: YA THEY IGNORED ME SO I TK THEM
(19:48 / All) forever_young: teal is repairing
(19:49 / All) L3lademaster679: oj
(19:55 / All) L3lademaster679: YOU GOT ASS BUTT
(20:01 / All) makeusorelooser: I had nothing to help him
(20:04 / All) makeusorelooser: but he's throwing a fit
(20:08 / All) makeusorelooser: Stfu yellow you did nothing
(20:15 / All) makeusorelooser: You wouldn't have even got my dk once by yourself
(20:17 / All) makeusorelooser: baby back bitch
(20:17 / All) L3lademaster679: LOL
(20:20 / All) L3lademaster679: SHHH
(20:23 / All) L3lademaster679: I OWNED YA
(20:27 / All) makeusorelooser: Nah
(20:29 / All) makeusorelooser: in your dreams
(20:29 / All) L3lademaster679: LIKE A BOSS
(20:37 / All) L3lademaster679: shh
(20:42 / All) L3lademaster679: sleep well nigga
(20:50 / All) L3lademaster679: the blademaster is always close
(22:32 / All) L3lademaster679: shady
(22:38 / All) Russia4Trump: all the noobs in the place tower up
(22:38 / All) L3lademaster679: aftermath
(22:54 / All) Russia4Trump: is this your mexico wall ?
(23:01 / All) L3lademaster679: LOL
(23:03 / All) L3lademaster679: AHAHAHAHAHAHAHHAHA
(23:54 / All) makeusorelooser: Out
(23:56 / All) Russia4Trump: red must have voted for Hillary
(24:23 / All) makeusorelooser: You lose lol
(25:08 / All) makeusorelooser: YOU LOSE, BABY!
(25:14 / All) BrianPeepers: it's just a game
(28:58 / All) makeusorelooser: lol
(32:30 / All) makeusorelooser: How's it going yellow?
(32:32 / All) makeusorelooser: hanging in there?
(32:35 / All) makeusorelooser: Are you having fun?
(33:02 / All) makeusorelooser: "yellow why so quiet?
(34:28 / All) makeusorelooser: lol
(34:36 / All) BrianPeepers: lol
(34:42 / All) makeusorelooser: Time to leave yellow
(36:04 / All) forever_young: omfg
(36:15 / All) makeusorelooser: Stop trying yellow
(36:17 / All) forever_young: fucking wyvs keep attacking creeps
(36:18 / All) makeusorelooser: You lose
(37:18 / All) L3lademaster679: BRO WTF ARE YOU DOING
(37:20 / All) L3lademaster679: FUCKIN CUTN
(37:22 / All) L3lademaster679: cutn
(37:22 / All) makeusorelooser: YOU LOSE
(37:23 / All) L3lademaster679: cunt
(37:25 / All) makeusorelooser: SHHHH NIGGA
(37:33 / All) makeusorelooser: SLEEP WELL!
(37:38 / All) makeusorelooser: AHAHAHAHA
(37:59 / All) L3lademaster679: BOOM
(38:01 / All) L3lademaster679: TY PURP
(38:04 / All) forever_young: WOULD YOU FAGGOTS STOP TRYING ALREADY?
(38:05 / All) forever_young: JEEZ
(38:05 / All) L3lademaster679: BYE WYBVERNS
(38:10 / All) forever_young: You're really getting on my last nerve!
(38:14 / All) L3lademaster679: STFU
(38:15 / All) makeusorelooser: I'm mining btw
(38:16 / All) L3lademaster679: NOOB
(38:24 / All) L3lademaster679: YOU SHOULD BE KILL BY A FUCKIN BUS
(41:31 / All) makeusorelooser: yellow
(41:35 / All) makeusorelooser: why aren't you talking shit anymore???
(41:38 / All) L3lademaster679: shh nigga
(41:40 / All) makeusorelooser: what happened?
(41:41 / All) L3lademaster679: leave you lost the game
(41:42 / All) makeusorelooser: something wrong?
(41:45 / All) makeusorelooser: did you get assfucked?
(41:48 / All) makeusorelooser: I think you lost
(41:50 / All) L3lademaster679: CRYMOREMOCRYMORECRYMORECRYMORE
(41:52 / All) makeusorelooser: I think you're a sore loser now
(41:52 / All) makeusorelooser: LOL
(41:56 / All) makeusorelooser: ITS CRYMORE
(41:59 / All) forever_young: It's our good buddy
(42:03 / All) L3lademaster679: CRYMORECRYMORECRYMORECRYMORE
(42:09 / All) L3lademaster679: STFU
(42:15 / All) L3lademaster679: IM A LEGEND HERE
(42:18 / All) L3lademaster679: 13LADEMASTER007
(42:21 / All) L3lademaster679: SINCE 2002
(42:26 / All) makeusorelooser: Nah you suck
(42:33 / All) makeusorelooser: We've owned you lots of times
(48:51 / All) makeusorelooser: yellow
(48:56 / All) makeusorelooser: have you been enjoying this game?
(49:01 / All) makeusorelooser: I have to say it's one of my favourites in a while
(49:12 / All) L3lademaster679: i loved the game
(49:15 / All) L3lademaster679: going afk now
(49:17 / All) L3lademaster679: bye
(49:20 / All) makeusorelooser: what did you like about it
(49:30 / All) makeusorelooser: I like how you talked shit and made a fool of yourself
(49:37 / All) makeusorelooser: and you lost
(49:42 / All) forever_young: lol
(49:43 / All) makeusorelooser: I like how you thought you won and didn't
(49:44 / All) forever_young: they were so annoying
(49:45 / All) BrianPeepers: lol
(49:50 / All) forever_young: I misclicked and a moved
(49:53 / All) forever_young: and killed your zep
(49:59 / All) makeusorelooser: and how you acted like you were good when you did nothing without your team
(50:06 / All) forever_young: instead of targeting their unit/hero
(50:17 / All) makeusorelooser: you couldn't even kill my hero once without your whole team there LOL
(52:01 / All) forever_young: make shop
(52:03 / All) forever_young: buy critter
(52:10 / All) forever_young: try to get it down the ledge
(52:13 / All) forever_young: to spawn down the ledge
(52:15 / All) BrianPeepers: so why didn't you just kill all our buildings red?
(52:31 / All) forever_young: because he had barely anything
(52:36 / All) makeusorelooser: oh I have a peon off the ledge
(52:36 / All) forever_young: I had to make sure you couldn't kill it
(52:37 / All) makeusorelooser: teal peon
(52:44 / All) makeusorelooser: somehow it survived in a corner all this time
(52:48 / All) BrianPeepers: lol bu we have been unable for a while
(53:03 / All) makeusorelooser: this retard who tked my team has level 1 water ele and level 2 blizzard
(53:05 / All) BrianPeepers: might as well have just ended it
(53:06 / All) makeusorelooser: no brilliance aura
(53:12 / All) BrianPeepers: lol
(53:37 / All) makeusorelooser: Mher
(53:41 / All) makeusorelooser: you found that peon
(53:41 / All) forever_young: fo sure
(53:42 / All) BrianPeepers: ?
(53:47 / All) BrianPeepers: i saw it earlier
(53:48 / All) forever_young: did you say you had peon in all
(53:52 / All) makeusorelooser: nope
(53:53 / All) BrianPeepers: it's been there forever
(53:56 / All) makeusorelooser: in /f m
(54:00 / All) BrianPeepers: you said it in all
(54:01 / All) makeusorelooser: WOW
(54:01 / All) forever_young: why kill it now
(54:08 / All) makeusorelooser: You can't buy items with allied gold
(54:11 / All) BrianPeepers: i didn't kill it cuz red chasing me
(54:12 / All) BrianPeepers: LOL
(54:13 / All) makeusorelooser: but if you sell items it only goes to allied gold
(54:15 / All) forever_young: lol
(54:17 / All) forever_young: oh
(54:20 / All) forever_young: I thought that
(54:23 / All) forever_young: was yours LOL
(54:26 / All) makeusorelooser: that's so fucking gay
(54:33 / All) forever_young: I was thinking that was your am
(54:38 / All) forever_young: since you usually go hu
(54:43 / All) makeusorelooser: I knew about buying for ages obviously but that's so gay selling doesn't go to you too
(55:29 / All) makeusorelooser: I think there's no way at all I can get off this ledge now that peon is dead
(55:45 / All) makeusorelooser: I'd have a hall and units if you didn't accidentally kill my zepp lol
(56:47 / All) BrianPeepers: lol
(56:49 / All) BrianPeepers: fun game
(56:59 / All) BrianPeepers: yes got him!
(57:04 / All) makeusorelooser: It's being resurrected
(57:10 / All) forever_young: He ain't dead!
(57:11 / All) BrianPeepers: still was fun
(57:13 / All) forever_young: He's just resting
(57:15 / All) makeusorelooser: and then it can sit on this ledge again forever
(57:16 / All) BrianPeepers: figured
(57:18 / All) makeusorelooser: with no way to get down
(57:22 / All) BrianPeepers: i wanted a hero kill
(57:35 / All) makeusorelooser: hmmmmm
(57:42 / All) makeusorelooser: I know how I could get down
(58:04 / All) makeusorelooser: I need to get enough lumber and gold to go to t2, get a workshop and flying machine
(58:07 / All) makeusorelooser: and then I could buy a zeppelin
(58:12 / All) makeusorelooser: but I'm not sure there's enough wood up here
(58:20 / All) BrianPeepers: you can buy zep with air unit
(58:21 / All) BrianPeepers: ?
(58:23 / All) makeusorelooser: there are 8 trees
(58:25 / All) makeusorelooser: yeah
(58:27 / All) BrianPeepers: I thought it had to be a ground unit
(58:32 / All) makeusorelooser: I don't know how much lumber one tree gives
(58:35 / All) makeusorelooser: nope
(58:35 / All) BrianPeepers: damn, always learning things about this game
(59:14 / All) makeusorelooser: gonna count how much wood I get from 1 tree
(59:20 / All) makeusorelooser: I'm at 195
(59:45 / All) makeusorelooser: 215
(59:52 / All) makeusorelooser: after one peasant round from the tree
(60:17 / All) makeusorelooser: 220 after one round and a half
(60:21 / All) makeusorelooser: accidentally had 2nd peasant
(60:32 / All) forever_young: they could have won if they got zeps and put their heroes on the ledge with purples hippos guarding against my wyvs
(60:43 / All) BrianPeepers: we didn't really coordinate
(60:43 / All) makeusorelooser: 225
(60:46 / All) BrianPeepers: whoops
(60:57 / All) forever_young: I don't know how purp managed to lose all his hippos to wyvs
(60:59 / All) makeusorelooser: 50 wood per tree
(61:09 / All) BrianPeepers: he wasn't attacking I think
(61:13 / All) makeusorelooser: and I have 250 wood left up here then
(61:18 / All) BrianPeepers: I thought you were just fucking around at first too
(61:27 / All) makeusorelooser: which means I can afford my t2, then a workshop and flying machine
(61:42 / All) makeusorelooser: but hmm, can I afford the zepp
(61:55 / All) BrianPeepers: 240 gold 60 wood i think
(62:11 / All) forever_young: thanks crymore
(62:15 / All) makeusorelooser: I think I could afford a zepp
(62:16 / All) forever_young: That lumber will come in handy
(62:22 / All) makeusorelooser: hi crymore
(62:23 / All) makeusorelooser: not afk?
(62:29 / All) makeusorelooser: Did you have fun?
(62:31 / All) forever_young: yep he has a base there
(62:39 / All) L3lademaster679: name
(62:42 / All) L3lademaster679: red
(62:49 / All) L3lademaster679: so i can put you on my tk list forever
(62:57 / All) BrianPeepers: rofl
(63:00 / All) L3lademaster679: fuckin cunt
(63:00 / All) BrianPeepers: hvae a good night all
(63:02 / All) makeusorelooser: We're legendary stabbers and have owned you lots of times
(63:04 / All) BrianPeepers: happy thanksgiving
(63:10 / All) L3lademaster679: YOU SUCK
(63:12 / All) L3lademaster679: OJ
(63:19 / All) makeusorelooser: I've killed you 1v4 before on murgul oasis
(63:21 / All) L3lademaster679: YOUR DK GOT FUCK IN THE ASS BY MY RAIDERS
(63:22 / All) makeusorelooser: well 1v3
(63:23 / All) L3lademaster679: ENSARE NIGGA
(63:30 / All) makeusorelooser: OH you need blacksmith for workshop
(63:41 / All) BrianPeepers: tower kill sdon't tcount
(63:47 / All) BrianPeepers: don't let that wyv get killed by towers
(63:50 / All) BrianPeepers: oh no too late
(63:55 / All) BrianPeepers: no exp from that kill
(63:59 / All) makeusorelooser: yeh
(64:02 / All) makeusorelooser: wasn't watching
(64:15 / All) forever_young: you should have the tower target the lumber mil
(64:22 / All) makeusorelooser: 235 is my max wood on this map
(64:34 / All) forever_young: buy a critter
(64:36 / All) makeusorelooser: so after a workshop
(64:38 / All) forever_young: and see if you can get it off the ledge
(64:41 / All) makeusorelooser: I have 85 wood
(64:45 / All) L3lademaster679: BACKSTABBERS
(64:46 / All) makeusorelooser: how much is a flying machine in lumber?
(64:49 / All) forever_young: aim your am to towards the ledge and try to get it off
(64:51 / All) makeusorelooser: 20?
(64:57 / All) L3lademaster679: LOSING TIME AND NO GIRLFRIEND SINCE 2002
(64:58 / All) makeusorelooser: if it's 10 or 20 I can get a zepp
(65:00 / All) forever_young: 30 I think
(65:02 / All) makeusorelooser: I wanat to see if I can do this
(65:04 / All) forever_young: maybe 20
(65:08 / All) L3lademaster679: CRYMORECRYMORECRYMORE
(65:11 / All) L3lademaster679: SO FUNNY
(65:16 / All) makeusorelooser: oh workshop is 140 not 150
(65:19 / All) L3lademaster679: RED AND OJ SHOULD FUCK IN THE ASS
(65:24 / All) makeusorelooser: only one crying is you yellow
(65:24 / All) L3lademaster679: WHILE ENJOYING PORN
(65:30 / All) makeusorelooser: oh I need more items for gold
(65:30 / All) L3lademaster679: STFU
(65:32 / All) makeusorelooser: got any red?
(65:33 / All) L3lademaster679: YOUNG LITTLE KID
(65:43 / All) makeusorelooser: I think you must be young to rage so hard over video games
(65:45 / All) L3lademaster679: COME SUCK DADDY'S COCK
(65:51 / All) makeusorelooser: nah I'm good
(65:54 / All) L3lademaster679: ensare this DK
(66:00 / All) L3lademaster679: lmao
(66:06 / All) makeusorelooser: sell me some items?
(66:20 / All) makeusorelooser: I need more gold
(67:00 / All) BrianPeepers: lol that's all
(67:06 / All) BrianPeepers: one hit away from this being over
(67:20 / All) L3lademaster679: man
(67:26 / All) L3lademaster679: legendary backstabbers
(67:33 / All) BrianPeepers: "Legendary"
(67:34 / All) L3lademaster679: maybe its the fuckin toke
(67:36 / All) BrianPeepers: it's just wc3
(67:38 / All) L3lademaster679: RED
(67:41 / All) makeusorelooser: apparently I need to destroy something to make a workshop
(67:41 / All) L3lademaster679: IS TOKE
(67:43 / All) makeusorelooser: not enough room
(67:43 / All) L3lademaster679: LOL
(67:45 / All) makeusorelooser: we're not toke
(67:51 / All) forever_young: Warcraft is the greatest video game of all time!!!!
(67:53 / All) L3lademaster679: what are you
(67:57 / All) BrianPeepers: agreed
(67:59 / All) makeusorelooser: We tk clan toke scrubs often
(68:06 / All) makeusorelooser: and have tked toke lots
(68:39 / All) BrianPeepers: so did you get off ledge yet?
(68:40 / All) forever_young: did you make it down?
(68:43 / All) makeusorelooser: I'm trying
(68:46 / All) makeusorelooser: I need room for a workshop
(69:01 / All) forever_young: how mcuh gold do you have
(69:01 / All) L3lademaster679: who are ou
(69:02 / All) makeusorelooser: there we go
(69:05 / All) makeusorelooser: workshop being built
(69:06 / All) makeusorelooser: 721
(69:07 / All) L3lademaster679: WHO ARE YOU?
(69:09 / All) makeusorelooser: 85 lumber
(69:11 / All) L3lademaster679: NAME
(69:16 / All) forever_young: and try to get it off the ledge
(69:18 / All) makeusorelooser: I'm not sure how much a flying machine is in lumber
(69:20 / All) BrianPeepers: damn he was mad
(69:23 / All) makeusorelooser: I can buy a zeppelin if it's what I think it is
(69:26 / All) makeusorelooser: yeah he was pissed lol
(69:27 / All) makeusorelooser: I would be too
(69:28 / All) forever_young: lol
(69:30 / All) forever_young: WHO ARE YOU? NAME
(69:31 / All) forever_young: NAME!
(69:37 / All) forever_young: *leaves in a huff*
(69:37 / All) BrianPeepers: nah why pissed, it's fucking wc3
(69:44 / All) BrianPeepers: lol
(69:49 / All) makeusorelooser: it can get frustrating
(69:57 / All) makeusorelooser: though the level of frustration some of these noobs get to is surprising
(70:05 / All) makeusorelooser: FUCK
(70:07 / All) makeusorelooser: FLYING MACHINE IS 30
(70:15 / All) makeusorelooser: are you fucking kidding me
(70:15 / All) forever_young: try the critter
(70:20 / All) BrianPeepers: i play this game to relax, not sure how people can get so worked up
(70:26 / All) BrianPeepers: damn
(70:26 / All) makeusorelooser: MAN I AM 5 LUMBER AWAY FROM A ZEP
(70:40 / All) makeusorelooser: I can't buy critters
(70:45 / All) makeusorelooser: You can't buy itmes with allied gold which is BS
(70:49 / All) makeusorelooser: it uses your gold, so retarded
(70:55 / All) makeusorelooser: OH
(70:56 / All) makeusorelooser: DUH
(71:00 / All) makeusorelooser: I have 124 wood, I'm an idiot
(71:01 / All) forever_young: if you buy zep
(71:04 / All) forever_young: doesn't that buy from ally
(71:08 / All) makeusorelooser: I gave it to pink
(71:11 / All) makeusorelooser: oh
(71:13 / All) makeusorelooser: ......
(71:16 / All) forever_young: lol
(71:17 / All) makeusorelooser: goblin lab works like shops
(71:17 / All) BrianPeepers: lol
(71:19 / All) makeusorelooser: so I can't buy it
(71:24 / All) makeusorelooser: because *I* need gold and lumber
(71:27 / All) makeusorelooser: which is retarded
(71:32 / All) makeusorelooser: big oversight they should've changed years ago
(71:35 / All) forever_young: lots of close games have been lost in this manner
(71:43 / All) forever_young: from fag ally bailing when you still had good shot to win
(71:47 / All) forever_young: and can't use their resources
(71:50 / All) makeusorelooser: If you could use allied gold to buy items then allied games with leavers would be 100 times easier
(72:01 / All) forever_young: Only problem is it would be abused by other fag allies
(72:05 / All) BrianPeepers: it would be a rush to steal shit though
(72:07 / All) makeusorelooser: welp no way to get off the ledge
(72:10 / All) makeusorelooser: Well
(72:15 / All) makeusorelooser: If you could only buy items with allies
(72:20 / All) makeusorelooser: then I think a lot of people wouldn't think to use it
(72:22 / All) forever_young: *bows*, it's been an honor team killing you blue
(72:25 / All) makeusorelooser: if you could take their gold people would abuse it
(72:28 / All) BrianPeepers: i hjad fun
(72:28 / All) BrianPeepers: gg